 Dungeon Crawl Stone Soup version 0.23.2-33-g5129a83184 (webtiles) character file.

Game seed: 12764133661148275438

127 Matador8 the Poker (level 4, -1/33 HPs)
             Began as a Demonspawn Gladiator on June 28, 2019.
             Slain by a centaur (5 damage)
             ... on level 3 of the Dungeon.
             The game lasted 00:09:02 (2162 turns).

Matador8 the Poker (Demonspawn Gladiator)           Turns: 2162, Time: 00:09:03

Health: -1/33      AC:  7    Str: 15    XL:     4   Next: 85%
Magic:  4/4        EV: 11    Int: 10    God:
Gold:   135        SH:  0    Dex: 14    Spells: 3/3 levels left

rFire    . . .     SeeInvis .   a - +0 trident
rCold    . . .     Gourm    .   (no shield)
rNeg     . . .     Faith    .   q - +0 ring mail
rPois    .         Spirit   .   c - +0 helmet
rElec    .         Reflect  .   (no cloak)
rCorr    .         Harm     .   m - +0 pair of gloves
MR       .....                  (no boots)
Stlth    ++........             (no amulet)
HPRegen  0.11/turn              (no ring)
MPRegen  0.09/turn              (no ring)

@: no status effects
A: hooves 1, nightstalker 1
a: no special abilities


You were on level 3 of the Dungeon.
You were not hungry.

You visited 1 branch of the dungeon, and saw 3 of its levels.

You collected 135 gold pieces.

Inventory:

Hand Weapons
 a - a +0 trident (weapon)
Missiles
 d - 3 throwing nets (quivered)
 o - 7 javelins
Armour
 b - a +0 leather armour
 c - a +0 helmet (worn)
 m - a +0 pair of gloves (worn)
 q - a +0 ring mail (worn)
Jewellery
 i - an uncursed amulet of guardian spirit {unknown}
Scrolls
 g - 4 scrolls of remove curse {unknown}
 h - a scroll of identify {unknown}
 j - 4 scrolls of immolation {unknown}
 l - 2 scrolls of blinking {unknown}
 n - a scroll of magic mapping {unknown}
 r - a scroll of teleportation {unknown}
 s - a scroll of fear {unknown}
Potions
 e - a potion of degeneration {unknown}
 k - a potion of brilliance {unknown}
 t - a potion of curing
Comestibles
 f - 4 rations
 p - a chunk of flesh


   Skills:
 - Level 2.0 Fighting
 * Level 4.5 Polearms
 - Level 3.0 Throwing
 - Level 2.6 Dodging


You had 3 spell levels left.
You didn't know any spells.
Your spell library was empty.

Dungeon Overview and Level Annotations

Branches:
Dungeon (3/15)

Altars:
Fedhas
Trog

Annotations:
D:2 1 exclusion


Innate Abilities, Weirdness & Mutations

You have large cloven feet.
You are slightly more attuned to the shadows.


Message History

The bat hits you but does no damage. The bat completely misses you.
The jackal barely misses you. The centaur barely misses you.
The jackal barely misses you.
You hit the centaur.
The centaur is heavily wounded.
The centaur hits you.
The jackal bites you but does no damage.
The bat closely misses you. The centaur hits you!
* * * LOW HITPOINT WARNING * * *
You hit the centaur.
The centaur is heavily wounded.
The bat hits you but does no damage. The bat hits you.
* * * LOW HITPOINT WARNING * * *
The jackal bites you but does no damage.
The centaur hits you.
* * * LOW HITPOINT WARNING * * *
The bat hits you but does no damage. The jackal bites you.
* * * LOW HITPOINT WARNING * * *
The centaur hits you.
You die...

.≈≈≈≈≈...#####
♣≈≈≈c!.P....
♣≈♣(..P# ♣♣h...P#
.....P#..#
####.###.########
#...##.(.......
#....cbh.......
#...##@.#######
##.###(>#.##
.......<.#.# .#.
##.####.#.##
..#.# #. #.#.#
..#.# #. #.#.#
#.#.# #.# #.#.#
#.#.# #.####.#.#
#.#.# #.#....#..


You could see a centaur, a jackal and a bat.

Vanquished Creatures
  Robin (D:1)
  5 adders
  A worm (D:3)
  A dart slug (D:2)
  2 leopard geckos (D:1)
  2 giant cockroaches
  13 goblins
  4 hobgoblins
  6 jackals
  A quokka (D:2)
  A ball python (D:1)
  7 bats
  6 frilled lizards
  5 kobolds
  6 rats
61 creatures vanquished.

Notes
Turn   | Place    | Note
-------+----------+-------------------------------------------
     0 | D:1      | Matador8 the Demonspawn Gladiator began the quest for the
                  | Orb.
     0 | D:1      | Reached XP level 1. HP: 16/16 MP: 1/1
   200 | D:1      | Reached skill level 3 in Polearms
   209 | D:1      | Gained mutation: You are slightly more attuned to the
                  | shadows. [demonic ancestry]
   209 | D:1      | Reached XP level 2. HP: 13/22 MP: 2/2
   644 | D:2      | Gained mutation: You have large cloven feet. [demonic
                  | ancestry]
   644 | D:2      | Reached XP level 3. HP: 14/27 MP: 3/3
   972 | D:2      | Found a blossoming altar of Fedhas.
  1207 | D:2      | Noticed Robin
  1284 | D:2      | Reached skill level 4 in Polearms
  1317 | D:1      | Reached XP level 4. HP: 29/33 MP: 4/4
  1374 | D:1      | Killed Robin
  1785 | D:2      | Noticed a moth of wrath
  1788 | D:2      | Found a bloodstained altar of Trog.
  2146 | D:3      | Noticed a centaur
  2162 | D:3      | Slain by a centaur

Skill      XL: |  1  2  3  4 |
---------------+-------------+-----
Polearms       | 3 4 |  4.5
Throwing       | 2 3 |  3.0
Fighting       | |  2.0
Dodging        | |  2.6

Action                   |  1- 3 |  4- 6 || total
-------------------------+-------+-------++-------
Melee: Trident           |   113 |    71 ||   184
       Kick              |     7 |    17 ||    24
  Use: Potion            |     1 |     1 ||     2
 Stab: Sleeping          |     3 |     3 ||     6
  Eat: Chunk             |     1 |     3 ||     4
Armor: Leather armour    |    27 |       ||    27
       Ring mail         |    19 |    34 ||    53
Dodge: Dodged            |    97 |    64 ||   161
